 Dungeon Crawl Stone Soup version 0.30.1 (webtiles) character file.

Game seed: 13570755950303668941

109 Ayven the Chopper (level 4, -5/40 HPs)
             Began as a Hill Orc Fighter on July 1, 2023.
             Killed by divine providence
             ... invoked by an orc priest
              (12 damage)
             ... on level 3 of the Dungeon.
             The game lasted 00:03:53 (1548 turns).

Ayven the Chopper (Hill Orc Fighter)                Turns: 1548, Time: 00:03:54

Health: -5/40      AC: 11    Str: 20    XL:     4   Next: 90%
Magic:  4/4        EV:  5    Int:  8    God:
Gold:   84         SH:  4    Dex: 10    Spells: 3/3 levels left

rFire   . . .        a - +0 war axe
rCold   . . .        c - +0 buckler
rNeg    . . .        e - +0 plate armour
rPois   .            (no helmet)
rElec   .            (no cloak)
rCorr   .            (no gloves)
SInv    .            (no boots)
Will    .....        (no amulet) Stlth
                     (no ring)
HPRegen 0.26/turn    (no ring)
MPRegen 0.09/turn

%: no passive effects
@: mighty, lethally poisoned (-5 -> -5), hasted, very quick
A: no striking features
a: Convert to Beogh


You were on level 3 of the Dungeon.
You visited 1 branch of the dungeon, and saw 3 of its levels.

You collected 84 gold pieces.

Inventory:

Hand Weapons
 a - a +0 war axe (weapon)
Armour
 c - a +0 buckler (worn)
 e - a +0 plate armour (worn)
Scrolls
 b - 3 scrolls of amnesia {unknown}
 f - 3 scrolls of enchant weapon {unknown}
 i - 2 scrolls of noise {unknown}
 j - a scroll of teleportation {unknown}
 l - a scroll of identify {unknown}
 m - 2 scrolls of immolation {unknown}
 o - a scroll of fog {unknown}
Potions
 g - a potion of haste
 h - a potion of mutation {unknown}
 k - a potion of ambrosia {unknown}
 n - a potion of attraction {unknown}
 p - a potion of cancellation {unknown}


   Skills:
 + Level 4.1 Fighting
 + Level 5.0 Axes
 + Level 3.8 Armour
 + Level 3.9 Shields


You had 3 spell levels left.
You didn't know any spells.
Your spell library was empty.

Dungeon Overview and Level Annotations

Branches:
Dungeon (3/15)

Altars:


Message History

You hit the gnoll.
The gnoll is heavily wounded.
The gnoll barely misses you.
The orc priest looks encouraged for a moment.
You hit the gnoll.
The gnoll is heavily wounded.
You block the gnoll's attack.
You slash the gnoll!
You kill the gnoll!
You block the orc's attack.
Your Axes skill increases to level 5!
You slash the orc!
You kill the orc!
The quokka bites you but does no damage.
You barely miss the quokka. The quokka closely misses you.
The quokka barely misses you.
You barely miss the quokka.
The quokka bites you but does no damage.
You completely miss the quokka. The quokka bites you.
You closely miss the quokka. The quokka barely misses you. x2
You slash the quokka!
You kill the quokka!
The orc priest mumbles some strange prayers to Beogh against you.
Beogh smites you!
* * * LOW HITPOINT WARNING * * *
The adder bites you but does no damage.
You closely miss the adder. The adder bites you but does no damage.
It was a potion of haste.
You feel yourself speed up. The adder bites you but does no damage.
The adder bites you.
* * * LOW HITPOINT WARNING * * *
You are poisoned.
The adder poisons you!
Okay, then.
You barely miss the adder.
You feel sick. You block the adder's attack.
You barely miss the adder.
You feel sick. You block the adder's attack.
You barely miss the adder.
You feel sick. The adder bites you but does no damage.
The orc priest calls down the wrath of Beogh upon you.
Beogh smites you!
You die...

#.#####.#
#####...#.........
#.......# #...########..
#######..# #...# #.# ..#
#.## #...# #..
#.####.#### ##.## ###
#.#.......# #......##.#
# #.#.#...#.###o##
.#####.#.#......@Sog#
.......#.#...#.###oo....
########.##.##.# ###.#
#........ #########. .#
#


You could see an orc priest, a gnoll, an adder and 3 orcs.

Vanquished Creatures
  Jessica (D:3)
  2 adders (D:3)
  A gnoll (D:3)
  A worm (D:2)
  A dart slug (D:1)
  An orc (D:3)
  2 bats
  2 endoplasms
  3 giant cockroaches
  3 goblins (D:1)
  5 hobgoblins
  7 jackals
  5 quokkas
  6 ball pythons
  3 kobolds
  2 rats (D:3)
45 creatures vanquished.

Notes
Turn   | Place    | Note
-------+----------+-------------------------------------------
     0 | D:1      | Ayven the Hill Orc Fighter began the quest for the Orb.
     0 | D:1      | Reached XP level 1. HP: 19/19 MP: 1/1
    74 | D:1      | Reached XP level 2. HP: 27/27 MP: 2/2
   248 | D:1      | Reached skill level 3 in Axes
   537 | D:1      | Reached XP level 3. HP: 25/33 MP: 3/3
  1250 | D:2      | You fall into a shaft and drop 1 floor!
  1375 | D:3      | Noticed Jessica
  1383 | D:3      | Reached skill level 4 in Axes
  1383 | D:3      | Reached XP level 4. HP: 38/40 MP: 4/4
  1391 | D:3      | Killed Jessica
  1538 | D:3      | Reached skill level 5 in Axes
  1548 | D:3      | Killed from afar by an orc priest

Illustrated notes

Levels and vault maps discovered:
D:1:      matt_arrival_refuge, layout_basic, solitary_fountain,
          serial_bayou_crossing
D:2:      layout_rooms
D:3:      layout_loops_cross, uniq_jessica

Skill      XL: |  1  2  3  4 |
---------------+-------------+-----
Axes           | 3 4 5 |  5.0
Fighting       | 4 |  4.1
Armour         | |  3.8
Shields        | |  3.9

Action                     |  1- 3 |  4- 6 || total
---------------------------+-------+-------++-------
  Melee: War axe           |   114 |    44 ||   158
    Use: Potion            |       |     2 ||     2
 Armour: Scale mail        |    10 |       ||    10
         Plate armour      |    76 |    23 ||    99
  Dodge: Dodged            |    35 |    12 ||    47
  Block: Buckler           |    25 |    11 ||    36
